[Event "Team 45 45 League T50"]
[Site "Internet Chess Club"]
[Date "2011.09.13"]
[Round "5"]
[White "sere"]
[Black "WzeroMN"]
[Result "1-0"]
[WhiteElo "1193"]
[BlackElo "1095"]
[Opening "Ruy Lopez: exchange variation"]
[ECO "C68"]
[Time "11:00:51"]
[TimeControl "2700+45"]

1. e4 e5 2. Nf3 Nc6 3. Bb5 a6 4. Bxc6 bxc6 5. O-O d6 6. Nc3 Nf6 7. d4 exd4 8.
Nxd4 Bb7 9. Bf4 c5 10. Nf3 Nxe4 11. Nxe4 Bxe4 12. Qe2 Qe7 13. Rfe1 f5 14. Nd2 d5
15. f3 Bxc2 16. Qf2 Be4 17. fxe4 dxe4 18. Rac1 O-O-O 19. Qe3 h6 20. Nb3 g5 21.
Bg3 f4 22. Bxf4 gxf4 23. Qxf4 Re8 24. Nxc5 Qe5 25. Qe3 Qg5 26. Qc3 Bxc5+ 27.
Qxc5 Qxc5+ 28. Rxc5 Kb7 29. Rc4 Rd8 30. Rcxe4 Rd2 31. Rb4+ Kc6 32. Rc1+ Kd7 33.
Rb7 Rc8 34. Rc4 Rd6 35. Kf2 Rf6+ 36. Ke3 Re6+ 37. Re4 Rxe4+ 38. Kxe4 Re8+ 39.
Kf3 Kc8 40. Rb4 Rf8+ 41. Rf4 Rxf4+ 42. Kxf4 Kd8 43. Kf5 Ke7 44. Kg6 h5 45. Kxh5
Kf7 46. Kh6 a5 47. g4 a4 48. g5 Kg8 49. h4 a3 50. b3 c5 51. h5 Kh8 52. g6 Kg8
53. g7 c4 54. bxc4 {Black resigns} 1-0

[Event "Team 45 45 League T50"]
[Site "Internet Chess Club"]
[Date "2011.09.13"]
[Round "5"]
[White "Innes"]
[Black "mitus"]
[Result "1-0"]
[WhiteElo "1791"]
[BlackElo "1835"]
[Opening "Scotch: Göring gambit"]
[ECO "C44"]
[Time "15:00:11"]
[TimeControl "2700+45"]

1. e4 e5 2. d4 exd4 3. Nf3 Nc6 4. c3 dxc3 5. Nxc3 d6 6. Bc4 Nf6 7. Qb3 Qe7 8.
O-O a6 9. Nd5 Nxd5 10. Bxd5 Bd7 11. Qxb7 Rb8 12. Qxc7 Qd8 13. Qxd8+ Nxd8 14. b3
Be7 15. Bb2 O-O 16. Rac1 Be6 17. Rfd1 Nb7 18. Bxe6 fxe6 19. Rc7 Rfe8 20. Rdc1
Nc5 21. Rc4 Nd3 22. Ba1 e5 23. Kf1 Kf8 24. Ne1 Nf4 25. g3 Ne6 26. R7c6 a5 27.
Bxe5 Nd8 28. Bxg7+ Kxg7 29. Rc7 Ne6 30. Ra7 Ra8 31. Rxa8 Rxa8 32. f4 Kf6 33. Nf3
Rb8 34. Ke2 Rb4 35. Rxb4 axb4 36. Kd3 Nd8 37. Nd4 h5 38. Kc4 Bf8 39. Kd5 Nf7 40.
Nc6 Nh6 41. h3 Ng8 42. Nxb4 Ne7+ 43. Kd4 Bg7 44. Nd5+ Ke6+ 45. Kc4 Nxd5 46.
exd5+ Kd7 47. g4 h4 48. g5 Bb2 49. f5 Ke7 50. a4 Bc1 51. g6 Kf6 52. Kb5 Bb2 53.
Kc6 Kxf5 54. Kxd6 Kxg6 55. Kc7 Be5+ 56. d6 Kf6 57. Kd7 Bc3 58. Kc8 Ba5 59. d7
Ke7 60. b4 Bb6 61. a5 {Black resigns} 1-0

[Event "Team 45 45 League T50"]
[Site "Internet Chess Club"]
[Date "2011.09.11"]
[Round "5"]
[White "Warpdrive"]
[Black "beitmery"]
[Result "0-1"]
[WhiteElo "1617"]
[BlackElo "1551"]
[Opening "French: Tarrasch, closed variation, main line"]
[ECO "C06"]
[Time "16:31:28"]
[TimeControl "2700+45"]

1. e4 e6 2. d4 d5 3. Nd2 Nf6 4. e5 Nfd7 5. Bd3 c5 6. c3 Nc6 7. Ne2 cxd4 8. cxd4
Bb4 9. a3 Be7 10. O-O O-O 11. b4 f6 12. f4 Qb6 13. Nb3 fxe5 14. fxe5 Ndxe5 15.
Rxf8+ Bxf8 16. Nc5 Nxd3 17. Qxd3 Qc7 18. Bf4 Bd6 19. Qe3 Kh8 20. Bxd6 Qxd6 21.
Rd1 b6 22. Nf4 bxc5 23. bxc5 Qe7 24. Re1 Bd7 25. Qh3 Qf6 26. Qe3 Qxd4 27. Qxd4
Nxd4 28. c6 Bxc6 {White resigns} 0-1

[Event "Team 45 45 League T50"]
[Site "Internet Chess Club"]
[Date "2011.09.10"]
[Round "5"]
[White "Tjet"]
[Black "clarinetref"]
[Result "1/2-1/2"]
[WhiteElo "1467"]
[BlackElo "1640"]
[Opening "English: symmetrical variation"]
[ECO "A30"]
[Time "21:51:25"]
[TimeControl "2700+45"]

1. c4 c5 2. g3 g6 3. Bg2 Bg7 4. Nc3 e6 5. d3 Ne7 6. e4 O-O 7. Nge2 f5 8. O-O
Nbc6 9. Rb1 a6 10. Bg5 Ne5 11. exf5 Rxf5 12. Bxe7 Qxe7 13. Be4 Nf3+ 14. Kg2 Qf7
15. Bxf5 Qxf5 16. Ng1 Nd4 17. g4 Qf4 18. Nh3 Qc7 19. Qd2 Qc6+ 20. f3 d5 21. Qg5
Bd7 22. cxd5 exd5 23. Qxd5+ Qe6 24. Qxe6+ Nxe6 25. Ne4 Bb5 26. Rfd1 Rd8 27. Nhf2
b6 28. b3 Nd4 29. a4 Bc6 30. Rd2 Rf8 31. b4 Nxf3 32. Ra2 Bd5 33. Ra3 Bd4 34.
bxc5 Bxf2 35. cxb6 Bb7 36. Rf1 Nh4+ 37. Kh1 Bxb6 38. Rxf8+ Kxf8 39. Rb3 Bxe4+
40. dxe4 {Game drawn by mutual agreement} 1/2-1/2

[Event "Team 45 45 League T50"]
[Site "Internet Chess Club"]
[Date "2011.09.11"]
[Round "5"]
[White "tryanything"]
[Black "dpmdpm"]
[Result "1-0"]
[WhiteElo "1562"]
[BlackElo "1583"]
[Opening "Sicilian: closed"]
[ECO "B25"]
[Time "17:10:15"]
[TimeControl "2700+45"]

1. e4 c5 2. Nc3 Nc6 3. d3 d6 4. g3 g6 5. Bg2 Bg7 6. Nge2 e6 7. O-O Nge7 8. Be3
O-O 9. Qc1 Rb8 10. a4 Qd7 11. Bh6 b6 12. Bxg7 Kxg7 13. Rd1 Bb7 14. d4 cxd4 15.
Nxd4 Nxd4 16. Rxd4 e5 17. Rd2 f5 18. exf5 Qxf5 19. Bxb7 Rxb7 20. Qe1 Rd7 21. Qe4
Qxe4 22. Nxe4 d5 23. c4 d4 24. c5 Rc7 25. cxb6 axb6 26. Ng5 Rf6 27. Ne4 Rfc6 28.
Kg2 Nf5 29. b4 h6 30. a5 bxa5 31. bxa5 Nd6 32. Nxd6 Rxd6 33. Kf3 Kf6 34. Ke4 Ke6
35. f4 exf4 36. Kxf4 Rc4 37. a6 d3+ 38. Ke3 Rc8 39. Rxd3 Rdc6 40. a7 Ra8 41. Rb3
Rcc8 42. Ra6+ Kf5 43. Rb5+ Kg4 44. Rxg6+ Kh3 45. Rxh6+ Kg2 46. Rb2+ Kg1 47. Ra6
Re8+ 48. Kd4 Rad8+ 49. Kc5 Re5+ 50. Kb4 Re4+ 51. Ka3 Rd3+ 52. Rb3 Rxb3+ 53. Kxb3
Re8 54. a8=Q {Black resigns} 1-0

[Event "Team 45 45 League T50"]
[Site "Internet Chess Club"]
[Date "2011.09.12"]
[Round "5"]
[White "bayoumicardio10"]
[Black "calily"]
[Result "1/2-1/2"]
[WhiteElo "1645"]
[BlackElo "1723"]
[Opening "Caro-Kann: exchange variation"]
[ECO "B13"]
[Time "15:19:46"]
[TimeControl "2700+45"]

1. e4 c6 2. d4 d5 3. exd5 cxd5 4. Bd3 Nc6 5. c3 Nf6 6. Ne2 Bg4 7. f3 Bh5 8. O-O
e6 9. Bf4 Bd6 10. Bxd6 Qxd6 11. Re1 Bg6 12. Na3 a6 13. Nc2 Bxd3 14. Qxd3 O-O 15.
Qd2 b5 16. Nf4 Rac8 17. Nd3 Nd7 18. a4 Rb8 19. axb5 axb5 20. Ra6 Rb6 21. Rea1
Rfb8 22. Ncb4 g6 23. Nxc6 Qxc6 24. Nb4 Qb7 25. Qg5 Rxa6 26. Rxa6 Nb6 27. Qf4 Ra8
28. Rxa8+ Qxa8 29. Nc2 Nc4 30. Qc1 Qa2 31. Na3 Qb3 32. Nxc4 bxc4 33. Kf1 f6 34.
Ke1 Kf7 35. Kd2 Qa2 36. Kc2 Qa4+ 37. Kb1 Qb3 38. Qh6 Qd1+ 39. Ka2 Kg8 40. Qe3
Qb3+ 41. Kb1 Qd1+ {Game drawn by mutual agreement} 1/2-1/2

[Event "Team 45 45 League T50"]
[Site "Internet Chess Club"]
[Date "2011.09.11"]
[Round "5"]
[White "isolani"]
[Black "nosir"]
[Result "0-1"]
[WhiteElo "1467"]
[BlackElo "1510"]
[Opening "QGA, 4.Nc3"]
[ECO "D24"]
[Time "17:32:35"]
[TimeControl "2700+45"]

1. d4 d5 2. Nf3 Nf6 3. c4 dxc4 4. Nc3 a6 5. a4 Nc6 6. e3 Bg4 7. Bxc4 e6 8. Be2
Bd6 9. e4 Bb4 10. Bg5 Bxf3 11. Bxf3 Qxd4 12. O-O Bxc3 13. bxc3 Qxc3 14. Rc1 Qe5
15. Bxf6 Qxf6 16. Rxc6 bxc6 17. e5 Qxe5 18. Bxc6+ Ke7 19. Bxa8 Rxa8 20. Qf3 Rb8
21. Rd1 Rd8 22. Qa3+ Rd6 23. g3 Kd7 24. Rf1 Qd5 25. a5 Qd3 26. Qa1 Qd4 27. Qb1
g6 28. h4 Qa4 29. Qe1 Rd5 30. Qc3 Qd4 31. Qf3 Ke7 32. Rc1 c5 33. Qb3 Qb4 34. Qf3
Qxa5 35. g4 Qc7 36. g5 Rf5 37. Qa3 f6 38. Qxa6 fxg5 39. Rb1 Kf6 40. Rb6 Re5 41.
hxg5+ Kxg5 42. Rxe6 Rxe6 43. Qxe6 c4 44. Qe3+ Qf4 45. Qe7+ Kh6 46. Qe1 Qd4 47.
Qc1+ g5 48. Qa3 c3 49. Qa6+ Kh5 50. Qe2+ Qg4+ 51. Kf1 {White resigns} 0-1

[Event "Team 45 45 League T50"]
[Site "Internet Chess Club"]
[Date "2011.09.11"]
[Round "5"]
[White "rook9999"]
[Black "bmw2002"]
[Result "1-0"]
[WhiteElo "1759"]
[BlackElo "1556"]
[Opening "Caro-Kann: classical, Spassky variation"]
[ECO "B18"]
[Time "20:14:00"]
[TimeControl "2700+45"]

1. e4 c6 2. d4 d5 3. Nc3 dxe4 4. Nxe4 Bf5 5. Ng3 Bg6 6. Nf3 Nd7 7. h4 h6 8. h5
Bh7 9. Bc4 Ngf6 10. Bf4 Nd5 11. Bd2 Qc7 12. Be2 e5 13. dxe5 Nxe5 14. c4 Nxf3+
15. Bxf3 Qe5+ 16. Qe2 Qxe2+ 17. Bxe2 Nb4 18. O-O Bd6 19. Bxb4 Bxb4 20. a3 Bd6
21. Rfe1 O-O-O 22. Bg4+ Kc7 23. Nf5 Rhe8 24. Nxd6 Rxd6 25. Rxe8 {Black resigns}
1-0

[Event "Team 45 45 League T50"]
[Site "Internet Chess Club"]
[Date "2011.09.10"]
[Round "5"]
[White "Gilguli"]
[Black "Mymas"]
[Result "0-1"]
[WhiteElo "1393"]
[BlackElo "1480"]
[Opening "QGD: Capablanca-Duras variation"]
[ECO "D03"]
[Time "15:02:10"]
[TimeControl "2700+45"]

1. d4 d5 2. Nf3 Nf6 3. Bg5 e6 4. c4 h6 5. Bh4 Be7 6. cxd5 Nxd5 7. Bxe7 Qxe7 8.
e4 Nf6 9. Nc3 O-O 10. Bb5 Qb4 11. a3 Qxb2 12. Qc1 Qxc1+ 13. Rxc1 c6 14. e5 Nd5
15. Nxd5 exd5 16. Bd3 Nd7 17. O-O Nb6 18. Rc2 Bd7 19. Rb1 Rab8 20. Nd2 f6 21. g3
fxe5 22. dxe5 Rbe8 23. f4 Bf5 24. Bxf5 Rxf5 25. a4 Re7 26. a5 Nc8 27. Nb3 g5 28.
Rf2 gxf4 29. gxf4 Rg7+ 30. Rg2 Rxg2+ 31. Kxg2 Rxf4 32. a6 b6 33. Rc1 c5 34. Rd1
Ne7 35. Nd2 Rd4 36. Kf3 c4 37. Rg1+ Kf7 38. Ke3 Nc6 39. Nf3 Re4+ 40. Kd2 Nxe5
41. Nxe5+ Rxe5 42. Rf1+ Ke6 43. Rf8 Kd6 44. Rf7 Re7 45. Rf6+ Re6 46. Rf7 Re7 47.
Rf6+ Kc5 48. Rxh6 Kb5 49. Rh5 Rd7 50. Kc3 Kxa6 51. h4 d4+ 52. Kxc4 d3 53. Rg5 d2
{White resigns} 0-1

[Event "Team 45 45 League T50"]
[Site "Internet Chess Club"]
[Date "2011.09.11"]
[Round "5"]
[White "Joeohio"]
[Black "blizzard13"]
[Result "1-0"]
[WhiteElo "1495"]
[BlackElo "1394"]
[Opening "French: advance, Euwe variation"]
[ECO "C02"]
[Time "10:00:27"]
[TimeControl "2700+45"]

1. e4 e6 2. d4 d5 3. e5 c5 4. c3 Nc6 5. Nf3 Bd7 6. Be3 Qb6 7. Qc2 Nge7 8. Bd3
Nf5 9. Bxf5 exf5 10. Nbd2 g6 11. a3 Bg7 12. b4 cxd4 13. cxd4 Be6 14. Nb3 O-O 15.
Nc5 a6 16. Ng5 Rfe8 17. Ngxe6 fxe6 18. Nd7 Qd8 19. Nc5 Qd7 20. Nxd7 {Black
resigns} 1-0

[Event "Team 45 45 League T50"]
[Site "Internet Chess Club"]
[Date "2011.09.10"]
[Round "5"]
[White "houseofcook"]
[Black "iwin2"]
[Result "1-0"]
[WhiteElo "1451"]
[BlackElo "1374"]
[Opening "Sicilian: closed"]
[ECO "B23"]
[Time "08:30:26"]
[TimeControl "2700+45"]

1. e4 c5 2. Nc3 g6 3. f4 Bg7 4. Nf3 Nc6 5. Bb5 Nd4 6. O-O Nxb5 7. Nxb5 a6 8. Nc3
Nf6 9. d3 O-O 10. Qe1 h5 11. f5 d6 12. fxg6 fxg6 13. e5 dxe5 14. Nxe5 Qd4+ 15.
Kh1 Ng4 16. Nf3 Qd6 17. Ne4 Qc7 18. h3 Rxf3 19. hxg4 Rxf1+ 20. Qxf1 Bxg4 21. Bf4
Qb6 22. Rb1 Rf8 23. Qc1 Be6 24. b3 Qb4 25. a3 Qd4 26. Be3 Qd5 27. Bxc5 Bf5 28.
Bxe7 Re8 29. Nf6+ Bxf6 30. Bxf6 Bh3 31. Qd2 Re3 32. Rf1 Rg3 33. Rf2 g5 34. Qe2
Qc6 35. Be5 Rg4 36. Kh2 Bxg2 37. Rxg2 Rh4+ 38. Kg1 Qc5+ 39. d4 Qe7 40. Qd3 Qd8
41. Qg6+ Kf8 42. Qg7+ Ke8 43. Bf6 Qd7 44. Re2+ Re4 45. Rxe4+ Qe7 46. Qxe7#
{Black checkmated} 1-0

[Event "Team 45 45 League T50"]
[Site "Internet Chess Club"]
[Date "2011.09.10"]
[Round "5"]
[White "pudge"]
[Black "zigzag2002"]
[Result "0-1"]
[WhiteElo "1449"]
[BlackElo "1766"]
[Opening "Sicilian: Labourdonnais-Löwenthal (Kalashnikov) variation"]
[ECO "B32"]
[Time "13:09:52"]
[TimeControl "2700+45"]

1. e4 c5 2. Nf3 Nc6 3. d4 cxd4 4. Nxd4 e5 5. Nb5 d6 6. N1c3 a6 7. Na3 b5 8. Nd5
Nge7 9. Be3 Nxd5 10. Qxd5 Bb7 11. c3 Be7 12. Bd3 Na5 13. Bxb5+ axb5 14. Qxb5+
Bc6 15. Qd3 O-O 16. Nc2 Rb8 17. b4 Bb5 18. c4 Nxc4 19. Qc3 Rc8 20. Qb3 f5 21. a4
Bd7 22. O-O Kh8 23. a5 f4 24. Bc1 Rf6 25. f3 Rg6 26. Kh1 Be6 27. Qd3 Rh6 28. Rg1
Bh4 29. Bd2 Bf2 30. Rgf1 Rxh2+ {White resigns} 0-1

[Event "Team 45 45 League T50"]
[Site "Internet Chess Club"]
[Date "2011.09.09"]
[Round "5"]
[White "cys456"]
[Black "spongenotbob"]
[Result "1-0"]
[WhiteElo "1597"]
[BlackElo "1478"]
[Opening "Caro-Kann defense"]
[ECO "B10"]
[Time "18:30:31"]
[TimeControl "2700+45"]

1. e4 c6 2. Nf3 d5 3. e5 Bf5 4. d4 e6 5. Bd3 Bxd3 6. Qxd3 Ne7 7. O-O h5 8. Nc3
Nf5 9. Bg5 Be7 10. Bxe7 Qxe7 11. Ne2 Nd7 12. Ng3 Nxg3 13. fxg3 O-O-O 14. Qa3
Qxa3 15. bxa3 Nb6 16. Ng5 Rhf8 17. Nxf7 Nc4 18. Nxd8 Rxd8 19. a4 Ne3 20. Rf2 Nf5
21. c3 Ne3 22. Rf7 Nf5 23. Rb1 Rd7 24. Rxd7 Kxd7 25. Rxb7+ Ke8 26. Rxa7 Kf8 27.
Rc7 Ne7 28. a5 Ke8 29. Rxe7+ Kxe7 30. a6 {Black resigns} 1-0

[Event "Team 45 45 League T50"]
[Site "Internet Chess Club"]
[Date "2011.09.09"]
[Round "5"]
[White "tworivers"]
[Black "irock2011"]
[Result "1/2-1/2"]
[WhiteElo "1410"]
[BlackElo "1297"]
[Opening "Queen's pawn, Mason variation"]
[ECO "D00"]
[Time "19:00:35"]
[TimeControl "2700+45"]

1. d4 d5 2. Bf4 Nc6 3. e3 f6 4. Nf3 e5 5. dxe5 Bg4 6. Be2 Qe7 7. exf6 Nxf6 8.
Nc3 Qd7 9. Ne5 Nxe5 10. Bxe5 Bf5 11. Bxf6 gxf6 12. Nxd5 O-O-O 13. Nxf6 Qf7 14.
Qc1 Qxf6 15. O-O Rg8 16. Bf3 Bd6 17. g3 Bh3 18. Bg2 Qf5 19. Rd1 Rgf8 20. Rd2 Rf6
21. Qf1 Bg4 22. h3 Bf3 23. Bxf3 Qxf3 24. Qg2 Qxg2+ 25. Kxg2 Re8 26. Rad1 Re5 27.
Rd5 Re4 28. R1d4 Re7 29. f4 b6 30. e4 Bc5 31. c3 Bxd4 32. Rxd4 c5 33. Rd5 Rxe4
34. Kf3 Rc4 35. Rd3 Ra4 36. a3 Kc7 37. Re3 Kd6 38. Re5 Rc4 39. Re3 Ra4 40. Rd3+
Ke6 41. Re3+ Kd6 42. Rd3+ Ke6 43. Re3+ Kd5 44. Rd3+ Ke6 {Game drawn by
repetition} 1/2-1/2

[Event "Team 45 45 League T50"]
[Site "Internet Chess Club"]
[Date "2011.09.13"]
[Round "5"]
[White "ausya"]
[Black "medsurg"]
[Result "1-0"]
[WhiteElo "1421"]
[BlackElo "1316"]
[Opening "Evans gambit: 5...Be7"]
[ECO "C51"]
[Time "19:00:04"]
[TimeControl "2700+45"]

1. e4 e5 2. Nf3 Nc6 3. Bc4 Bc5 4. b4 Bxb4 5. c3 Be7 6. d4 d6 7. Be3 Bg4 8. Nbd2
Nf6 9. O-O O-O 10. h3 Bh5 11. d5 Na5 12. Bb3 c5 13. c4 Rb8 14. Ba4 Nd7 15. Bxd7
Qxd7 16. g4 Bg6 17. Qe2 h5 18. Nh2 hxg4 19. hxg4 b5 20. cxb5 Rxb5 21. f4 exf4
22. Rxf4 Bf6 23. Raf1 Be5 24. R4f2 Rb4 25. Qf3 Nc4 26. Nxc4 Rxc4 27. Qh3 Rxe4
28. Rg2 Bxh2+ 29. Kxh2 Rfe8 30. Rf3 Qe7 31. Rgg3 Qe5 32. Qh4 Qxd5 33. Rh3 Qe5+
34. Bf4 Re2+ 35. Kg3 Rg2+ 36. Kxg2 Qe2+ 37. Rf2 Be4+ 38. Kg3 Qd3+ 39. Kh2 {Black
resigns} 1-0

[Event "Team 45 45 League T50"]
[Site "Internet Chess Club"]
[Date "2011.09.11"]
[Round "5"]
[White "viking99"]
[Black "Boromir"]
[Result "0-1"]
[WhiteElo "1824"]
[BlackElo "1930"]
[Opening "French defense"]
[ECO "C11"]
[Time "16:00:31"]
[TimeControl "2700+45"]

1. e4 e6 2. d4 d5 3. Nc3 Nf6 4. Bg5 h6 5. Bxf6 Qxf6 6. exd5 Bb4 7. Bb5+ c6 8.
dxc6 bxc6 9. Bc4 O-O 10. Ne2 Rd8 11. O-O c5 12. d5 Bb7 13. a3 Ba5 14. Ne4 Qg6
15. Nxc5 Bxd5 16. Nf4 Bxc4 17. Qxd8+ Bxd8 18. Nxg6 fxg6 19. Rfd1 Be7 20. Nd7
Nxd7 21. Rxd7 Bf6 22. c3 a5 23. Rad1 Bd5 24. Rc7 a4 25. c4 Be5 26. Rc5 Bd6 27.
Rdxd5 exd5 28. Rxd5 Be7 29. Rd2 Rd8 30. Rxd8+ Bxd8 31. Kf1 Bf6 {White resigns}
0-1

[Event "Team 45 45 League T50"]
[Site "Internet Chess Club"]
[Date "2011.09.12"]
[Round "5"]
[White "crimsonviper"]
[Black "Innes"]
[Result "1-0"]
[WhiteElo "1873"]
[BlackElo "1771"]
[Opening "Queen's pawn: Charlick (Englund) gambit"]
[ECO "A40"]
[Time "15:47:21"]
[TimeControl "2700+45"]

1. d4 e5 2. dxe5 Nc6 3. Nf3 f6 4. exf6 Nxf6 5. Bg5 d5 6. e3 Bd6 7. Nc3 Be6 8.
Bxf6 gxf6 9. Bb5 Qe7 10. Nxd5 Bxd5 11. Qxd5 Rd8 12. Bxc6+ bxc6 13. Qxc6+ Kf8 14.
O-O-O Rg8 15. g3 Rg4 16. Nd4 Rg5 17. Qf3 Qf7 18. Kb1 Rb8 19. Nf5 Be5 20. b3 Qc4
21. Rd3 Qa4 22. Rd8+ Kf7 23. Rxb8 Qa3 24. Nd4 c5 25. Qb7+ Kg6 26. f4 Bxb8 27.
Qxb8 {Black resigns} 1-0

[Event "Team 45 45 League T50"]
[Site "Internet Chess Club"]
[Date "2011.09.12"]
[Round "5"]
[White "theapprentice"]
[Black "BuddyT"]
[Result "1/2-1/2"]
[WhiteElo "1650"]
[BlackElo "1809"]
[Opening "French: exchange variation"]
[ECO "C01"]
[Time "22:03:03"]
[TimeControl "2700+45"]

1. e4 e6 2. d4 d5 3. exd5 exd5 4. Bd3 Nc6 5. c3 Bd6 6. Nf3 Bg4 7. O-O Nge7 8.
Bg5 f6 9. Bh4 Bf4 10. Nbd2 Bxd2 11. Qxd2 Bxf3 12. gxf3 g5 13. Bg3 h5 14. h3 Qd7
15. a4 Qxh3 16. Rfe1 h4 17. Bxc7 Qxf3 18. b4 h3 19. Bf1 Ne5 20. Bxe5 fxe5 21.
Kh2 e4 22. Qe3 Qf6 23. Bb5+ Kf7 24. Rg1 Rag8 25. Rg4 Nf5 26. Qe2 Nh4 27. Qe3
Nf3+ 28. Kh1 Qd6 29. Rg3 g4 30. Be2 h2 31. b5 Rh3 32. Rxh3 gxh3 33. Bxf3 exf3
34. Qxf3+ Qf6 35. Qxd5+ Kf8 36. Qc5+ Kg7 37. Qe5 Qxe5 38. dxe5 Rf8 39. Ra2 Rf5
40. Re2 Rf3 41. e6 Kf8 42. b6 axb6 43. e7+ Ke8 44. Re6 Rxc3 45. Rxb6 Ra3 46.
Rxb7 Rxa4 47. Kxh2 Ra2 48. Kg3 h2 49. Rb8+ Kxe7 50. Rh8 Kf7 51. Rxh2 Ra6 52.
Rh7+ Kg6 53. Rb7 Kf6 54. Kg4 Kg6 55. f4 Kf6 56. Rh7 Kg6 57. Rh5 Kf7 58. Kg5 Rg6+
59. Kf5 Rf6+ 60. Ke4 Re6+ 61. Kd5 Ra6 62. f5 Ra5+ 63. Ke4 Ra4+ 64. Ke5 Ra5+ 65.
Kf4 Ra6 66. Rh7+ Kf8 67. Rc7 Rb6 68. Kg5 Ra6 69. Rd7 Rb6 70. Rc7 Ra6 71. Rh7 Rb6
72. f6 Rb1 73. Kg6 Rg1+ 74. Kf5 Rf1+ 75. Ke5 Re1+ 76. Kd4 Rd1+ 77. Ke4 Re1+ 78.
Kd3 Rf1 79. Ke4 Re1+ 80. Kf3 Rf1+ 81. Kg4 Rxf6 82. Kg5 Ra6 83. Rb7 Ke8 84. Kf5
Kd8 85. Ke5 Ke8 86. Rb8+ Ke7 87. Rb7+ Ke8 88. Kd5 Kf8 89. Rb8+ Ke7 90. Ke5 Kd7
91. Rh8 Ke7 92. Rh7+ Ke8 93. Rh8+ Ke7 94. Rb8 Kd7 95. Kd5 Ke7 96. Rb7+ Kd8 97.
Kc5 Ke8 98. Kb5 Rh6 99. Rb8+ Ke7 100. Rb7+ Ke8 101. Rb8+ Ke7 102. Rb6 Rxb6+ 103.
Kxb6 {Game drawn because neither player has mating material} 1/2-1/2

[Event "Team 45 45 League T50"]
[Site "Internet Chess Club"]
[Date "2011.09.11"]
[Round "5"]
[White "jps7"]
[Black "Kingofknights"]
[Result "1-0"]
[WhiteElo "1631"]
[BlackElo "1635"]
[Opening "Queen's pawn game"]
[ECO "D04"]
[Time "11:01:10"]
[TimeControl "2700+45"]

1. d4 d5 2. Nf3 Nf6 3. e3 Bg4 4. c4 c6 5. Qb3 Qb6 6. Ne5 Bf5 7. c5 Qxb3 8. axb3
Nbd7 9. f4 e6 10. b4 b5 11. Nxc6 a6 12. Nc3 Ne4 13. Nxb5 Rc8 14. Nba7 Rc7 15.
Rxa6 Be7 16. Nxe7 Kxe7 17. Nc6+ Kf6 18. b5 Ndxc5 19. dxc5 Nxc5 20. Ra7 Rxa7 21.
Nxa7 Ra8 22. b6 Rb8 23. Bd2 Rxb6 24. Bc3+ Kg6 25. Bd4 Rb3 26. Bxc5 Rxb2 27. Bd4
Rb1+ 28. Kf2 Be4 29. Rg1 Rc1 30. Be2 Rc2 31. Re1 h5 32. h4 f6 33. Nb5 Kh6 34.
Nd6 Bh7 35. Kg1 Rc6 36. Nf7+ Kg6 37. Nd8 Rd6 38. Bd3+ f5 39. Nb7 Rc6 40. Nc5 Bg8
41. Nd7 Rc7 42. Ne5+ Kh6 43. Ra1 Rb7 44. Ra7 Rb3 45. Bf1 Rb1 46. Nc6 Rc1 47.
Bxg7+ Kg6 48. Ne5+ Kh7 49. Bf6+ Kh6 50. Rg7 Rc8 51. Nf7+ Bxf7 52. Rxf7 Rc6 53.
Bd4 Kg6 54. Rf6+ Kh7 55. Be2 Rc1+ 56. Kh2 Rc2 57. Bxh5 Rc6 58. Bf7 {Black
resigns} 1-0

[Event "Team 45 45 League T50"]
[Site "Internet Chess Club"]
[Date "2011.09.12"]
[Round "5"]
[White "Epcot"]
[Black "alexping"]
[Result "0-1"]
[WhiteElo "1953"]
[BlackElo "1916"]
[Opening "Benkö gambit accepted"]
[ECO "A58"]
[Time "12:03:36"]
[TimeControl "2700+45"]

1. d4 Nf6 2. c4 c5 3. d5 b5 4. cxb5 a6 5. bxa6 Bxa6 6. Nc3 g6 7. g3 d6 8. Bg2
Bg7 9. Nf3 O-O 10. Rb1 Qa5 11. O-O Nbd7 12. Bd2 Rfb8 13. Qc2 Qc7 14. Rfc1 Nb6
15. Ng5 Nc4 16. Nge4 Nd7 17. Bf4 Nde5 18. Nd2 Nxd2 19. Bxd2 Nc4 20. e4 Nxd2 21.
Qxd2 Qa5 22. b3 Rb4 23. Nd1 Qa3 24. Ne3 Rd4 25. Qe1 Bd3 26. Nc2 Qxa2 27. Ra1
Bxc2 28. Rxa2 Rxa2 29. Qe2 Bxb3 30. Qb5 Rb4 31. Qe8+ Bf8 32. e5 Ba4 33. Qd8 Rab2
34. e6 fxe6 35. dxe6 Rb1 36. Rf1 Bb5 37. h4 Rxf1+ 38. Bxf1 Rb1 39. h5 Rxf1+ 40.
Kg2 Re1 41. hxg6 hxg6 42. Qb6 Bc4 43. Qb2 Bd5+ 44. f3 Bxe6 45. Qc2 Bf7 46. g4
Ra1 47. Kg3 e5 48. g5 Be7 49. Qb2 Rg1+ 50. Kh2 Rxg5 51. f4 exf4 52. Qb8+ Bf8 53.
Qd8 Rg3 54. Qf6 g5 55. Qf5 c4 56. Qf6 d5 57. Kh1 Bg7 58. Qd8+ Kh7 59. Qd7 Kg6
60. Kh2 d4 61. Qc6+ Bf6 62. Qe4+ Kg7 63. Qf5 d3 64. Qd7 c3 65. Qf5 c2 66. Qd7
Re3 67. Qc7 Re1 {White resigns} 0-1

[Event "Team 45 45 League T50"]
[Site "Internet Chess Club"]
[Date "2011.09.09"]
[Round "5"]
[White "MontanaSky"]
[Black "DARKwizard1"]
[Result "0-1"]
[WhiteElo "1766"]
[BlackElo "2015"]
[Opening "QGD: Semi-Tarrasch defense"]
[ECO "D40"]
[Time "20:12:49"]
[TimeControl "2700+45"]

1. d4 Nf6 2. c4 e6 3. Nf3 d5 4. Nc3 c5 5. e3 Nc6 6. Be2 dxc4 7. Bxc4 a6 8. a4
cxd4 9. exd4 Bb4 10. O-O Qa5 11. Bd2 O-O 12. Qc2 Rd8 13. Be3 Nd5 14. Nxd5 exd5
15. Bd3 h6 16. h3 Bd7 17. Rfd1 Rac8 18. Qb1 Be7 19. Ne5 Be6 20. Nxc6 Rxc6 21.
Bf5 Rdc8 22. Bxe6 fxe6 23. Qd3 Qb4 24. Bd2 Qc4 25. Qxc4 Rxc4 26. Bc3 Bb4 27.
Bxb4 Rxb4 28. Rdc1 Rxc1+ 29. Rxc1 Rxa4 30. Rc7 Rb4 31. Re7 Rxb2 32. Rxe6 a5 33.
Rd6 Rb5 34. Rd8+ Kf7 35. Ra8 Rb1+ 36. Kh2 b6 37. Ra6 Rb4 38. Kg3 a4 39. Kf4 Kf6
40. Ke3 Rb3+ 41. Kf4 g5+ 42. Kg4 Kg6 43. f3 h5+ 44. Kg3 a3 45. Kh2 Kf5 46. Ra8
b5 47. Rf8+ Kg6 48. Ra8 b4 49. Ra6+ Kf5 50. Ra5 Rb2 51. Rxd5+ Kf4 52. Ra5 a2 53.
d5 Ke5 54. h4 gxh4 55. Kh3 b3 56. f4+ Kxf4 57. d6 Rb1 58. d7 Rh1# {White
checkmated} 0-1

[Event "Team 45 45 League T50"]
[Site "Internet Chess Club"]
[Date "2011.09.12"]
[Round "5"]
[White "Vin07"]
[Black "misuc56"]
[Result "0-1"]
[WhiteElo "1515"]
[BlackElo "1708"]
[Opening "Queen's pawn game"]
[ECO "D02"]
[Time "15:00:13"]
[TimeControl "2700+45"]

1. d4 d5 2. Nf3 e6 3. e3 f5 4. c4 c6 5. Nc3 Nf6 6. Bd3 Bd6 7. O-O O-O 8. b3 Qe7
9. Bb2 a6 10. Rc1 Ne4 11. cxd5 exd5 12. Qc2 Nd7 13. a3 h6 14. b4 g6 15. Na4 Rf7
16. Nc5 Rg7 17. Ne5 Nxe5 18. dxe5 Bxe5 19. Bxe5 Qxe5 20. Rfe1 Qe7 21. h3 Be6 22.
Qb1 Rf8 23. Qc2 Kh7 24. a4 Nxc5 25. Qxc5 Qxc5 26. Rxc5 Bd7 27. Rec1 f4 28. e4
dxe4 29. Bxe4 Re7 30. f3 Kg7 31. b5 axb5 32. axb5 cxb5 33. Bxb7 Bxh3 34. Rxb5
Bd7 35. Rbc5 Bf5 36. Bc8 Bxc8 37. Rxc8 Rff7 38. Kf2 Ra7 39. R8c4 g5 40. Rc6 Rf6
41. Rc7+ Rxc7 42. Rxc7+ Kg6 43. Rc5 Re6 44. Rc4 Ra6 45. Rc5 h5 46. Rb5 Re6 47.
Rb4 Kf5 48. Rb5+ Re5 49. Rb8 g4 50. Rf8+ Kg5 51. g3 fxg3+ 52. Kxg3 h4+ 53. Kf2
g3+ 54. Kg2 Re2+ 55. Kg1 h3 56. Rg8+ Kf4 57. Rf8+ Ke3 58. Re8+ Kxf3 59. Rf8+ Ke3
60. Re8+ Kd2 61. Rd8+ Ke1 62. Rf8 Rf2 63. Re8+ Kd2 64. Rd8+ Ke3 65. Re8+ Kd4 66.
Rd8+ Ke5 67. Re8+ Kd6 68. Re3 h2+ 69. Kh1 Rf1+ 70. Kg2 h1=Q+ 71. Kxg3 Qg1+ 72.
Kh4 Qxe3 73. Kg4 Qg1+ 74. Kh3 Rf2 75. Kh4 Rh2# {White checkmated} 0-1

[Event "Team 45 45 League T50"]
[Site "Internet Chess Club"]
[Date "2011.09.11"]
[Round "5"]
[White "rubo"]
[Black "Knight2night"]
[Result "1/2-1/2"]
[WhiteElo "1663"]
[BlackElo "1269"]
[Opening "Sicilian: Smith-Morra gambit"]
[ECO "B21"]
[Time "14:00:12"]
[TimeControl "2700+45"]

1. e4 c5 2. d4 cxd4 3. c3 dxc3 4. Nxc3 Nc6 5. Nf3 d6 6. Bc4 e6 7. O-O Nf6 8. Bf4
Be7 9. Qe2 e5 10. Ng5 O-O 11. Be3 h6 12. Nf3 Ng4 13. Rad1 Nxe3 14. fxe3 Be6
{Game drawn by mutual agreement} 1/2-1/2